 Dungeon Crawl Stone Soup version 0.30-a0-55-g90e3122c3a (webtiles) character file.

Game seed: 16252612538980032289

157 Decritt the Trooper (level 5, -2/34 HPs)
             Began as a Gargoyle Fighter on Sept 10, 2022.
             Slain by a killer bee (7 damage)
             ... on level 3 of the Dungeon.
             The game lasted 00:05:24 (3138 turns).

Decritt the Trooper (Gargoyle Fighter)              Turns: 3138, Time: 00:05:24

Health: -2/34      AC: 11    Str: 21    XL:     5   Next: 38%
Magic:  5/5        EV:  9    Int:  9    God:
Gold:   212        SH:  4    Dex:  9    Spells: 4/4 levels left

rFire   . . .      SeeInvis .    a - +0 flail
rCold   . . .      Faith    .    c - +0 buckler
rNeg    + . .      Spirit   .    b - +0 scale mail
rPois   ∞          Reflect  .    (no helmet)
rElec   +          Harm     .    (no cloak)
rCorr   .          Rampage  .    (no gloves)
Will    .....                    (no boots)
Stlth   ..........               (no amulet)
HPRegen 0.11/turn                (no ring)
MPRegen 0.09/turn                (no ring)

@: mighty
A: sickness immunity, AC +4, negative energy resistance 1, electricity
resistance, torment resistance 1, petrification resistance
a: no special abilities


You were on level 3 of the Dungeon.
You visited 1 branch of the dungeon, and saw 4 of its levels.

You collected 212 gold pieces.

Inventory:

Hand Weapons
 a - a +0 flail (weapon)
Armour
 b - a +0 scale mail (worn)
 c - a +0 buckler (worn)
Jewellery
 h - a ring of protection from cold
 j - an amulet of guardian spirit
Scrolls
 f - 3 scrolls of vulnerability {unknown}
 k - a scroll of teleportation {unknown}
 n - 4 scrolls of fear {unknown}
 p - a scroll of brand weapon {unknown}
 q - a scroll of magic mapping {unknown}
 r - a scroll of enchant weapon {unknown}
Potions
 e - 2 potions of curing {unknown}
 g - a potion of heal wounds {unknown}
 i - a potion of invisibility {unknown}
 l - a potion of attraction {unknown}
 m - a potion of haste {unknown}
 s - a potion of lignification {unknown}


   Skills:
 * Level 4.5 Fighting
 * Level 3.4 Maces & Flails
 + Level 4.0 Armour
 + Level 4.0 Shields


You had 4 spell levels left.
You didn't know any spells.
Your spell library contained the following spells:

 Spells                   Type           Power      Damage    Failure   Level
 Blink                    Tloc           0%         N/A       91%         2
 Lesser Beckoning         Tloc           0%         N/A       99%         3
 Manifold Assault         Tloc           0%         N/A       100%        5


Dungeon Overview and Level Annotations

Branches:
Dungeon (4/15)
 Temple: D:4-7

Altars:
Cheibriados
Hepliaklqana


Innate Abilities, Weirdness & Mutations

You are immune to sickness and miasma.
Your stone body is resilient. (AC +4)
You are immune to poison.
You resist negative energy. (rN+)
You are resistant to electric shocks. (rElec)
You are resistant to unholy torment.
You are immune to petrification.


Message History

The bullfrog closely misses you. x2
The killer bee stings you but does no damage.
You block the bullfrog's attack.
You barely miss the killer bee. The killer bee closely misses you.
The killer bee stings you.
A killer bee comes into view.
The bullfrog barely misses you. The killer bee stings you.
You block the killer bee's attack.
A killer bee comes into view.
The killer bee barely misses you. x2
The bullfrog hits you but does no damage.
The bullfrog attacks as you move away!
The bullfrog hits you but does no damage.
There is a stone staircase leading up here.
Unknown command.
The killer bee buzzes angrily.
You hear an angry buzzing noise.
You hear a shout!
The bullfrog hits you!
* * * LOW HITPOINT WARNING * * *
The killer bee stings you but does no damage.
You block the killer bee's attack. The killer bee stings you.
* * * LOW HITPOINT WARNING * * *
The bullfrog hits you.
* * * LOW HITPOINT WARNING * * *
You climb upwards.
There is a stone staircase leading down here.
You miss the killer bee. The killer bee stings you.
* * * LOW HITPOINT WARNING * * *
You block the killer bee's attack.
The bullfrog hits you but does no damage.
The killer bee stings you.
* * * LOW HITPOINT WARNING * * *
You block the killer bee's attack.
You are too injured to fight recklessly!
Unknown command.
You feel very mighty all of a sudden. The killer bee stings you.
* * * LOW HITPOINT WARNING * * *
The killer bee stings you!
You die...

# #.##..........##........# ####'
# #.######....####........# #.
###.# ##..#............# #.
.##'## ##.#.....#.###### #.
.#...# #.......#.# #. .#...#
#.......#.# ## .#...#
#...####..############ .##.##
#.#...................
.##.########...y@y...............
...............F.................
..#.############.###############.
.....<......# #.# #.
#.#####.#.### #.# #. #.#####.#.#
### #########. #.......#.#
#......... #########.# #.#######.
.....(....# #.# #...


You could see a bullfrog and 2 killer bees.

Vanquished Creatures
  A scorpion (D:3)
  3 adders
  An ufetubus (D:4)
  3 dart slugs (D:1)
  A worm (D:3)
  4 orcs (D:3)
  6 bats
  5 endoplasms
  4 giant cockroaches
  4 goblins
  4 hobgoblins
  4 quokkas
  6 ball pythons
  2 frilled lizards (D:1)
  A kobold (D:1)
  5 rats
54 creatures vanquished.

Notes
Turn   | Place    | Note
-------+----------+-------------------------------------------
     0 | D:1      | Decritt the Gargoyle Fighter began the quest for the Orb.
     0 | D:1      | Reached XP level 1. HP: 14/14 MP: 1/1
   135 | D:1      | Reached XP level 2. HP: 19/19 MP: 2/2
   686 | D:1      | Reached XP level 3. HP: 22/24 MP: 3/3
  1142 | D:2      | Found a faded altar of an unknown god.
  2058 | D:3      | Reached XP level 4. HP: 29/29 MP: 4/4
  2138 | D:3      | Found a snail-covered altar of Cheibriados.
  2145 | D:3      | Found a hazy altar of Hepliaklqana.
  2539 | D:3      | Noticed a scorpion
  2545 | D:3      | Killed a scorpion
  2546 | D:3      | Reached XP level 5. HP: 34/34 MP: 5/5
  3138 | D:3      | Slain by a killer bee

Illustrated notes

Levels and vault maps discovered:
D:1:      dpeg_arrival_arbitrary_b, layout_loops_cross, st_stairs_1,
          minmay_stone_trees_medium
D:2:      layout_basic, shapermc_ecumenical_altar_totnotflames,
          nicolae_hexahallways
D:3:      layout_basic, grunt_temple_overflow_open, chequers_mini_garden,
          dreamdust_wishing_well
D:4:      layout_cave_pools, lemuel_coloured_pillars_altar,
          hangedman_glass_teeth, kennysheep_pointless_box

Skill      XL: |  1  2  3  4  5 |
---------------+----------------+-----
Fighting       | 4 |  4.5
Maces & Flails | 3 |  3.4
Armour         | 4 |  4.0
Shields        | 4 |  4.0

Action                   |  1- 3 |  4- 6 || total
-------------------------+-------+-------++-------
Melee: Flail             |   120 |    43 ||   163
Throw: Dart              |    27 |    23 ||    50
  Use: Potion            |       |     1 ||     1
Armor: Scale mail        |    62 |    29 ||    91
Dodge: Dodged            |    60 |    29 ||    89
Block: Buckler           |    28 |    17 ||    45

Table legend: (Time is in decaauts)
 A = Elapsed time spent in this place.
 B = Non-inter-level travel time spent in this place.
 C = Inter-level travel time spent in this place.
 D = Time resting spent in this place.
 E = Time spent auto-exploring this place.
 F = Levels seen in this place.
 G = Mean time per level.
                   A        B        C        D        E       F      G
               +--------+--------+--------+--------+--------+-----+--------+
         Total |   3190 |   3095 |     95 |      0 |   2653 |   4 |  797.5 |
       Dungeon |   3190 |   3095 |     95 |      0 |   2653 |   4 |  797.5 |
               +--------+--------+--------+--------+--------+-----+--------+

Top non-repeatable levels by time:
     D:3: 1154 daAuts
     D:2: 1021 daAuts
     D:1: 998 daAuts
     D:4: 16 daAuts
